 Dungeon Crawl Stone Soup version 0.24-a0-284-g9fb9971 (webtiles) character file.

Game seed: 1155312439798378856

55 MisterFreud the Slasher (level 3, -2/26 HPs)
             Began as an Octopode Fighter on May 6, 2019.
             Slain by an orc
             ... wielding a +3 falchion of draining
              (6 damage)
             ... on level 2 of the Dungeon.
             The game lasted 00:01:05 (870 turns).

MisterFreud the Slasher (Octopode Fighter)           Turns: 870, Time: 00:01:07

Health: -2/26      AC:  1    Str: 15    XL:     3   Next: 93%
Magic:  3/3        EV: 11    Int: 11    God:
Gold:   107        SH:  8    Dex: 11    Spells: 2/2 levels left

rFire    . . .     SeeInvis .   a - +0 long sword
rCold    . . .     Gourm    .   b - +0 shield
rNeg     . . .     Faith    .   (helmet restricted)
rPois    .         Spirit   .   (no amulet)
rElec    .         Reflect  .   (no ring)
rCorr    .         Harm     .   (no ring)
MR       .....                  (no ring)
Stlth    ++........             (no ring)
HPRegen  0.08/turn              (no ring)
MPRegen  0.08/turn              (no ring)
                                (no ring)
                                (no ring)

@: lightly drained
A: almost no armour, stealthy swim, amphibious, 8 rings, constrict 8, camouflage
1, gelatinous body 1
a: no special abilities


You were on level 2 of the Dungeon.
You were not hungry.

You visited 1 branch of the dungeon, and saw 2 of its levels.

You collected 107 gold pieces.

Inventory:

Hand Weapons
 a - a +0 long sword (weapon)
Missiles
 f - 19 stones (quivered)
 g - 4 tomahawks
 i - 30 bolts
 j - 21 sling bullets
 k - 9 curare-tipped needles
 l - 14 arrows
 p - 7 poisoned needles
Armour
 b - a +0 shield (worn)
Scrolls
 m - 2 scrolls of fear
 n - 2 scrolls of identify {unknown}
Potions
 c - 2 potions of might
 e - a potion of lignification {unknown}
Comestibles
 d - 4 rations
 h - 6 chunks of flesh


   Skills:
 - Level 3.0(2.7) Fighting
 + Level 4.1(3.8) Long Blades
 - Level 3.0(2.7) Dodging
 - Level 3.0(2.7) Shields


You had 2 spell levels left.
You didn't know any spells.
Your spell library was empty.

Dungeon Overview and Level Annotations

Branches:
Dungeon (2/15)

Altars:


Innate Abilities, Weirdness & Mutations

You cannot wear most types of armour.
You are very stealthy in the water. (Stealth+)
You are amphibious.
You can wear up to eight rings at the same time.
You can use your tentacles to constrict eight enemies at once.
Your skin changes colour to match your surroundings (Stealth+).
Your rubbery body absorbs attacks. (AC +1, EV +1)


Message History

The orc priest is heavily wounded.
You constrict the orc priest. The orc priest misses you.
You riposte.
You barely miss the orc priest. Your squeeze misses the orc priest.
The orc priest is severely wounded.
You hit the orc priest.
The orc priest is severely wounded.
You constrict the orc priest.
The orc priest calls down the wrath of Beogh upon you.
Beogh smites you!
Ouch! That really hurt!
You hit the orc priest.
You kill the orc priest!
Your Long Blades skill increases to level 4!
Your shield prevents you from hitting the orc.
Your grab misses the orc.
The orc hits you with a +3 falchion of draining!
* * * LOW HITPOINT WARNING * * *
You feel drained.
The orc hits you with a +3 falchion of draining.
You die...

#.#####....#
..##......#
#.##.#....#
####.#..######
#......##
....##.### .
#.# #.# #@#
#o# #l#


oo# .o. .... .... ...... You could see 4 orcs and a leopard gecko.

Vanquished Creatures
  An orc priest (D:2)
  A dart slug (D:2)
  A leopard gecko (D:1)
  4 giant cockroaches
  3 hobgoblins
  2 kobolds
  2 bats (D:1)
  2 frilled lizards (D:2)
  5 rats
21 creatures vanquished.

Notes
Turn   | Place    | Note
-------+----------+-------------------------------------------
     0 | D:1      | MisterFreud the Octopode Fighter began the quest for the
                  | Orb.
     0 | D:1      | Reached XP level 1. HP: 16/16 MP: 1/1
   269 | D:1      | Reached XP level 2. HP: 21/21 MP: 2/2
   554 | D:1      | Reached skill level 3 in Long Blades
   843 | D:2      | Reached XP level 3. HP: 22/26 MP: 3/3
   869 | D:2      | Reached skill level 4 in Long Blades
   870 | D:2      | Slain by an orc

Levels and vault maps discovered:
D:1:      lightli_arrival_flooded_house, layout_basic
D:2:      layout_rooms, chequers_temple_overflow_minitemple,
          grunt_decor_clamped, uniq_terence

Skill      XL: |  1  2  3 |
---------------+----------+-----
Long Blades    | 3 4 |  4.1
Fighting       | |  3.0
Dodging        | |  3.0
Shields        | |  3.0

Action                   || total
-------------------------++-------
Melee: Long sword        ||    39
       Constrict         ||    14
       Tentacles         ||     8
  Use: Scroll            ||     4
 Stab: Sleeping          ||     5
Armor: Skin              ||     4
Dodge: Dodged            ||    14
Block: Shield            ||    10
       Rpst.: Long sword ||     8

Table legend:
 A = Non-vault XP
 B = Vault XP
 C = Vault XP percentage of total XP
 D = Non-vault monster count
 E = Vault monster count
 F = Vault count percentage of total count
                 A         B        C        D         E       F
            +---------+---------+-------+---------+---------+-------
      Total |      79 |       0 |   0.0 |      21 |       0 |   0.0
            +---------+---------+-------+---------+---------+-------
        D:1 |      19 |       0 |   0.0 |      11 |       0 |   0.0
        D:2 |      60 |       0 |   0.0 |      10 |       0 |   0.0
            +---------+---------+-------+---------+---------+-------
